 Dungeon Crawl Stone Soup version 0.29-a0-317-gd16b76e6b1 (webtiles) character file.

Game seed: 14924035317838889740

4494 Dabor the Tainter (level 10, -1/91 HPs)
             Began as a Naga Transmuter on Mar 31, 2022.
             Was a Priest of Dithmenos.
             Slain by a red ugly thing (23 damage)
             ... on level 7 of the Dungeon.
             The game lasted 00:19:43 (10742 turns).

Dabor the Tainter (Naga Transmuter)                Turns: 10742, Time: 00:19:44

Health: -1/91      AC:  7    Str: 15    XL:     10   Next: 38%
Magic:  0/18       EV: 10    Int: 21    God:    Dithmenos [***...]
Gold:   191        SH:  5    Dex: 12    Spells: 13/20 levels left

rFire   . . .      SeeInvis +     - Unarmed
rCold   . . .      Faith    .   (no shield)
rNeg    . . .      Spirit   .   z - +0 troll leather armour
rPois   +          Reflect  +   (helmet currently unavailable)
rElec   .          Harm     .   (no cloak)
rCorr   +          Rampage  .   l - +0 pair of gloves
Will    +....                   (no barding)
Stlth   ++........              y - amulet of reflection
HPRegen 1.05/turn               o - +6 ring of intelligence
MPRegen 0.16/turn               C - ring of resist corrosion

@: appendages, wereblooded, radiating poison, wreathed by umbra, very slow
A: horns 2, AC +3, large, see invisible, deformed body, poison resistance,
slowness 2, spit poison 1, naga tail 1
a: Spit Poison, End Transformation, Renounce Religion, Shadow Step


You were on level 7 of the Dungeon.
You worshipped Dithmenos.
Dithmenos was most pleased with you.
You had temporarily grown beastly horns.
You visited 1 branch of the dungeon, and saw 10 of its levels.

You collected 536 gold pieces.
You spent 345 gold pieces at shops.

Inventory:

Missiles
 p - 7 poisoned darts
Armour
 a - a +0 robe
 l - a +0 pair of gloves (worn)
 r - a +2 ring mail of willpower
 z - a +0 troll leather armour (worn)
 B - a +2 barding (melded)
Jewellery
 o - a +6 ring of intelligence (left hand)
 x - a ring of positive energy
 y - an amulet of reflection (around neck)
 C - a ring of resist corrosion (right hand)
Wands
 f - a wand of flame (18)
 n - a wand of polymorph (3)
Scrolls
 c - 4 scrolls of teleportation
 g - 2 scrolls of blinking
 j - 2 scrolls of fear
 m - a scroll of fog
 q - a scroll of enchant weapon
 w - a scroll of immolation
Potions
 b - 2 potions of lignification
 d - a potion of haste
 e - 2 potions of curing
 h - a potion of ambrosia
 i - 2 potions of cancellation
 k - 2 potions of resistance {unknown}
 s - a potion of degeneration {unknown}
 t - a potion of might {unknown}
 u - a potion of mutation {unknown}
 v - a potion of invisibility {unknown}
 A - 2 potions of brilliance {unknown}


   Skills:
 + Level 6.2 Fighting
 + Level 3.4 Armour
 + Level 3.6 Dodging
 - Level 2.0 Stealth
 + Level 6.8 Unarmed Combat
 + Level 5.5 Spellcasting
 * Level 4.2 Transmutations
 - Level 10.0 Poison Magic


You had 13 spell levels left.
You knew the following spells:

 Your Spells              Type           Power      Damage    Failure   Level
a - Beastly Appendage     Tmut           46%        N/A       2%          1
b - Wereblood             Tmut           23%        N/A       3%          2
c - Olgreb's Toxic Radia  Pois           47%        N/A       1%          4

Your spell library contained the following spells:

 Spells                   Type           Power      Damage    Failure   Level
 Sting                    Tmut/Pois      100%       1d8       1%          1
 Spider Form              Tmut/Pois      35%        N/A       1%          3
 Poisonous Vapours        Pois/Air       52%        N/A       2%          2
 Scorch                   Fire           10%        2d5       19%         2
 Gell's Gravitas          Tloc           5%         N/A       36%         3
 Lesser Beckoning         Tloc           5%         N/A       36%         3
 Teleport Other           Tloc           5%         N/A       36%         3
 Ice Form                 Ice/Tmut       14%        N/A       45%         4
 Flame Wave               Conj/Fire      5%         2d5       77%         4
 Dispersal                Tloc           2%         N/A       100%        6
 Summon Cactus Giant      Summ           2%         N/A       100%        6


Dungeon Overview and Level Annotations

Branches:
Dungeon (10/15)            Temple (0/1) D:7             Orc (0/2) D:9
   Lair: D:8-11

Altars:
Dithmenos
Fedhas
Nemelex Xobeh
Qazlal
Ru
Sif Muna
Trog
Uskayaw

Shops:
D:9 [(


Innate Abilities, Weirdness & Mutations

You have temporarily grown beastly horns.
Your serpentine skin is tough. (AC +3)
You have supernaturally acute eyesight. (SInv)
Armour fits poorly on your strangely shaped body.
Your system is resistant to poisons. (rPois)
You cover ground very slowly.
You can spit poison.
You have a snake-like lower body.


Message History

A red ugly thing is nearby!
Casting: Wereblood (safe; 3% risk of failure)
Confirm with . or Enter, or press ? or * to list all spells.
Your blood is infused with primal strength.
Casting: Wereblood (safe; 3% risk of failure)
Confirm with . or Enter, or press ? or * to list all spells.
You begin to radiate toxic energy.
The red ugly thing is poisoned.
Casting: Olgreb's Toxic Radiance (mildly dangerous; 1% risk of failure)
Confirm with . or Enter, or press ? or * to list all spells.
Your toxic radiance grows in intensity.
Casting: Olgreb's Toxic Radiance (mildly dangerous; 1% risk of failure)
Confirm with . or Enter, or press ? or * to list all spells.
Your toxic radiance grows in intensity.
The red ugly thing looks even sicker.
The red ugly thing punches you!
You are engulfed in flames!
Casting: Olgreb's Toxic Radiance (mildly dangerous; 1% risk of failure)
Confirm with . or Enter, or press ? or * to list all spells.
You grow a pair of large bovine horns.
Your +2 barding melds into your body.
The red ugly thing barely misses you.
You hit the red ugly thing. You headbutt the red ugly thing!
The red ugly thing is heavily wounded.
The red ugly thing punches you!
You are engulfed in flames!
You barely miss the red ugly thing.
The red ugly thing is heavily wounded.
The red ugly thing looks even sicker.
The red ugly thing punches you but does no damage.
You punch the red ugly thing!
The red ugly thing is severely wounded.
The red ugly thing punches you.
You are engulfed in flames!
Casting: Beastly Appendage (safe; 2% risk of failure)
Confirm with . or Enter, or press ? or * to list all spells.
Your toxic radiance grows in intensity.
The red ugly thing looks as sick as possible!
The red ugly thing barely misses you.
You closely miss the red ugly thing.
Your headbutt misses the red ugly thing.
The red ugly thing is almost dead.
The red ugly thing punches you!
* * * LOW HITPOINT WARNING * * *
You are engulfed in flames!!
You die...

.....8#........####...##.###.##.#
#.....#....................#..#.#
#8..........).#####<##.......##..
###......))...# #.####.#....##.
##......#.).### #.# #.###.## .
##8##..##....###.. #.# #...
####..8#.....###+ #.# ....#
#..##.....# #.. ..#...
#..##....@# #.. #....#
#..##.....u.#>+ +.. .#..#
#..8#.....#.###.# #.....#.....#
#.....# #+### ##..... ......
###....


You could see a red ugly thing (extremely poisoned).

Vanquished Creatures
  A centaur warrior (D:9)
  A troll (D:9)
  7 yaks (D:9)
  A wyvern (D:9)
  A steam dragon (D:6)
  4 water moccasins
  Duvessa (D:7)
  2 ice beasts
  An orc warrior (D:9)
  2 centaurs (D:7)
  A kobold brigand (D:7)
  5 scorpions
  2 bullfrogs
  Dowan (D:7)
  8 hounds
  A jelly (D:4)
  4 orc priests
  2 iguanas
  7 orc wizards
  6 gnolls
  7 adders
  A white imp (D:7)
  2 ufetubi
  2 worms
  5 dart slugs
  20 orcs
  6 bats
  5 endoplasms
  5 giant cockroaches
  5 goblins
  11 hobgoblins
  4 jackals (D:1)
  6 quokkas
  8 ball pythons
  4 frilled lizards
  7 kobolds
  5 rats
161 creatures vanquished.

Notes
Turn   | Place    | Note
-------+----------+-------------------------------------------
     0 | D:1      | Dabor the Naga Transmuter began the quest for the Orb.
     0 | D:1      | Reached XP level 1. HP: 18/18 MP: 3/3
   312 | D:1      | Reached XP level 2. HP: 25/25 MP: 3/5
  1172 | D:1      | Learned a level 2 spell: Wereblood
  1231 | D:1      | Reached XP level 3. HP: 27/31 MP: 6/6
  1805 | D:1      | Found a faded altar of an unknown god.
  1805 | D:1      | Noticed a balrug
  1814 | D:1      | Prayed at the altar of an unknown god.
  1814 | D:1      | Became a worshipper of Dithmenos the Shadowed
  1814 | D:1      | Reached * piety under Dithmenos
  2703 | D:2      | Found a shimmering blue altar of Sif Muna.
  3033 | D:3      | Reached XP level 4. HP: 31/39 MP: 1/7
  3057 | D:3      | Found a bloodstained altar of Trog.
  3070 | D:3      | Learned a level 4 spell: Olgreb's Toxic Radiance
  3122 | D:3      | Reached skill level 1 in Poison Magic
  3336 | D:3      | Reached skill level 2 in Poison Magic
  3701 | D:3      | Reached XP level 5. HP: 45/45 MP: 9/9
  4082 | D:4      | Found a blossoming altar of Fedhas.
  4231 | D:4      | Reached skill level 3 in Poison Magic
  4637 | D:4      | Found a sacrificial altar of Ru.
  4646 | D:4      | Reached skill level 4 in Poison Magic
  4652 | D:4      | Reached ** piety under Dithmenos
  4724 | D:4      | Reached XP level 6. HP: 25/52 MP: 7/11
  4729 | D:4      | Reached skill level 5 in Poison Magic
  5680 | D:5      | Entered Level 5 of the Dungeon
  5727 | D:5      | Noticed a water moccasin
  5754 | D:5      | Killed a water moccasin
  5755 | D:5      | Reached skill level 6 in Poison Magic
  5755 | D:5      | Reached XP level 7. HP: 44/58 MP: 10/13
  5968 | D:5      | Reached skill level 1 in Armour
  6057 | D:5      | Found a stormy altar of Qazlal.
  6435 | D:5      | Found a sparkling altar of Nemelex Xobeh.
  6519 | D:5      | Found a shimmering blue altar of Sif Muna.
  6541 | D:5      | Reached skill level 7 in Poison Magic
  6655 | D:5      | Reached XP level 8. HP: 26/68 MP: 5/14
  7199 | D:6      | Found a hide-covered altar of Uskayaw.
  7896 | D:6      | Reached skill level 1 in Stealth
  8365 | D:6      | Reached skill level 8 in Poison Magic
  8702 | D:6      | Reached skill level 5 in Unarmed Combat
  9435 | D:7      | Reached XP level 9. HP: 50/78 MP: 1/16
  9784 | D:7      | You fall into a shaft and drop 3 floors!
  9784 | D:10     | Entered Level 10 of the Dungeon
  9825 | D:9      | Reached skill level 5 in Fighting
  9825 | D:9      | Reached skill level 5 in Spellcasting
  9828 | D:9      | Reached skill level 9 in Poison Magic
  9915 | D:9      | Noticed a troll
  9924 | D:9      | Noticed a centaur warrior
  9926 | D:9      | Killed a troll
  9947 | D:9      | Reached *** piety under Dithmenos
  9954 | D:9      | Killed a centaur warrior
  9955 | D:9      | Reached XP level 10. HP: 17/91 MP: 8/18
 10224 | D:9      | Reached skill level 10 in Poison Magic
 10413 | D:9      | Found Wot Jiom's Armour Shop.
 10415 | D:9      | Found a staircase to the Orcish Mines.
 10417 | D:9      | Found Jos Beqia's Weapon Shop.
 10432 | D:9      | Bought a +0 barding for 345 gold pieces
 10525 | D:7      | Noticed Dowan
 10526 | D:7      | Noticed Duvessa
 10531 | D:7      | Killed Dowan
 10536 | D:7      | Killed Duvessa
 10732 | D:7      | Found a staircase to the Ecumenical Temple.
 10732 | D:7      | Noticed a red ugly thing
 10742 | D:7      | Slain by a red ugly thing

Illustrated notes

Levels and vault maps discovered:
D:1:      dpeg_arrival_stone_temple_mockup, layout_loops_cross,
          dreamdust_ecumenical_altar_sealed_demon, hex_large,
          hangedman_decor_growths, minmay_octomino_e4
D:2:      layout_loops_ring, basic_altar, kennysheep_generic_room_2
D:3:      layout_rooms, old_standard_altar, minivault_5,
          hangedman_decor_opposing, minmay_starry_boxes
D:4:      layout_loops_ring, nicolae_ru_great_annihilating_truth,
          fedhas_ov_isle_minmay, dk_vineyard_1, minmay_misc_feat_nine_boxes,
          dreamdust_wishing_well, minmay_misc_feat_tower
D:5:      layout_basic, general_overflow_altar, grunt_qazlal_sundering,
          lemuel_crystal_altar
D:6:      layout_basic, lemuel_tele_altar
D:7:      minmay_evil_eye, layout_rooms, minmay_temple_entry_glassed_door,
          serial_corexii_hall, chequers_hall_statues_wall_a,
          chequers_hall_statues_y, corexii_hall_statues_x,
          corexii_hall_statues_s, uniq_duvessa
D:8:      layout_basic, chequers_serial_rivers_small_b,
          chequers_serial_rivers_room_a, uniq_erica
D:9:      kennysheep_spiral_hall, layout_basic, tso_metal_star, orc_david_3
D:10:     layout_roguey, serial_curves, eino_curves_01, eino_curves_02

Skill      XL: |  1  2  3  4  5  6  7  8  9 10 |
---------------+-------------------------------+-----
Dodging        | 2 3 |  3.6
Poison Magic   | 2 4 6 7 8 9 10 | 10.0
Spellcasting   | 3 4 5 |  5.5
Fighting       | 2 4 6 |  6.2
Armour         | 1 2 3 |  3.4
Unarmed Combat | 4 5 6 |  6.8
Stealth        | 2 |  2.0
Transmutations | 4 |  4.2

Action                   |  1- 3 |  4- 6 |  7- 9 | 10-12 || total
-------------------------+-------+-------+-------+-------++-------
Melee: Unarmed           |   139 |   166 |   193 |    24 ||   522
       Headbutt          |     8 |    16 |    22 |     3 ||    49
       Punch             |     3 |     6 |     8 |     2 ||    19
Throw: Dart              |       |       |     2 |       ||     2
 Cast: Beastly Appendage |    12 |    13 |    20 |     4 ||    49
       Wereblood         |     3 |     9 |    16 |     3 ||    31
       Olgreb's Toxic Ra |       |     1 |    30 |    15 ||    46
 Abil: Spit Poison       |    13 |    22 |    10 |     1 ||    46
  Use: Scroll            |     3 |     3 |     4 |     2 ||    12
       Potion            |       |     2 |    10 |       ||    12
 Stab: Distracted        |       |     1 |       |       ||     1
       Sleeping          |       |     2 |       |       ||     2
Armor: Robe              |    25 |    29 |       |       ||    54
       Skin              |       |     8 |    15 |       ||    23
       Ring mail         |       |     7 |    56 |     2 ||    65
       Troll leather arm |       |       |       |     8 ||     8
Dodge: Dodged            |    76 |   106 |   107 |     7 ||   296
Block: Other             |       |       |    20 |    10 ||    30
       Reflection        |       |       |     2 |     2 ||     4

Table legend: (Time is in decaauts)
 A = Elapsed time spent in this place.
 B = Non-inter-level travel time spent in this place.
 C = Inter-level travel time spent in this place.
 D = Time resting spent in this place.
 E = Time spent auto-exploring this place.
 F = Levels seen in this place.
 G = Mean time per level.
                   A        B        C        D        E       F      G
               +--------+--------+--------+--------+--------+-----+--------+
         Total |  12541 |  12284 |    257 |   2907 |   7394 |  10 | 1254.1 |
       Dungeon |  12541 |  12284 |    257 |   2907 |   7394 |  10 | 1254.1 |
               +--------+--------+--------+--------+--------+-----+--------+

Top non-repeatable levels by time:
     D:1: 2397 daAuts
     D:6: 2346 daAuts
     D:4: 1932 daAuts
     D:5: 1913 daAuts
     D:3: 1271 daAuts
     D:2: 1182 daAuts
     D:7: 796 daAuts
     D:9: 666 daAuts
    D:10: 24 daAuts
     D:8: 10 daAuts
